 Dungeon Crawl Stone Soup version 0.26.1-11-gd32895ea62 (webtiles) character file.

Game seed: 8016006828380038635

58 buriedalive the Chiller (level 3, -2/19 HPs)
             Began as a Deep Elf Ice Elementalist on June 23, 2021.
             Slain by a worm (11 damage)
             ... on level 2 of the Dungeon.
             The game lasted 00:01:55 (1628 turns).

buriedalive the Chiller (Deep Elf Ice Elementalist) Turns: 1628, Time: 00:01:56

Health: -2/19      AC:  2    Str:  5    XL:     3   Next: 75%
Magic:  5/9        EV: 14    Int: 20    God:
Gold:   46         SH:  0    Dex: 15    Spells: 1/8 levels left

rFire    . . .     SeeInvis .   d - +0 dagger
rCold    . . .     Faith    .   (no shield)
rNeg     . . .     Spirit   .   a - +0 robe
rPois    .         Reflect  .   (no helmet)
rElec    .         Harm     .   (no cloak)
rCorr    .         Rampage  .   (no gloves)
Will     .....                  (no boots)
Stlth    ++........             (no amulet)
HPRegen  0.06/turn              (no ring)
MPRegen  0.11/turn              (no ring)

@: lethally poisoned (-2 -> -12)
A: no striking features
a: no special abilities


You were on level 2 of the Dungeon.
You visited 1 branch of the dungeon, and saw 2 of its levels.

You collected 46 gold pieces.

Inventory:

Hand Weapons
 d - a +0 dagger (weapon)
Missiles
 f - 99 stones
Armour
 a - a +0 robe (worn)
Jewellery
 j - an uncursed amulet of magic regeneration {unknown}
Scrolls
 b - 2 scrolls of magic mapping {unknown}
 c - a scroll of fear {unknown}
 g - 3 scrolls of identify {unknown}
 h - a scroll of teleportation {unknown}
 i - a scroll of blinking {unknown}
 k - a scroll of fog {unknown}
Potions
 e - a potion of haste {unknown}
 l - a potion of attraction {unknown}


   Skills:
 + Level 3.9 Dodging
 - Level 2.4 Stealth
 - Level 3.0 Spellcasting
 + Level 5.2 Ice Magic


You had one spell level left.
You knew the following spells:

 Your Spells              Type           Power        Failure   Level
a - Freeze                Ice            96%          1%          1
b - Frozen Ramparts       Ice            48%          4%          3
c - Ozocubu's Armour      Ice            24%          4%          3

Your spell library contained the following spells:

 Spells                   Type           Power        Failure   Level
 Hailstorm                Conj/Ice       13%          43%         4
 Summon Ice Beast         Ice/Summ       13%          43%         4


Dungeon Overview and Level Annotations

Branches:
Dungeon (2/15)

Altars:


Message History

You freeze the adder!
You kill the adder!
Casting: Freeze (safe; 1% risk of failure)
Confirm with . or Enter, or press ? or * to list all spells.
Aiming: Freeze (safe; 1% risk of failure)
Press: ? - help, Shift-Dir - straight line, f - worm
Aim: a worm You freeze the worm.
The worm is moderately wounded.
You feel sick.
Casting: Freeze (safe; 1% risk of failure)
Confirm with . or Enter, or press ? or * to list all spells.
Aiming: Freeze (safe; 1% risk of failure)
Press: ? - help, Shift-Dir - straight line, f/p - worm
Aim: a worm (moderately wounded)
You freeze the worm.
The worm is heavily wounded.
The worm bites you!
Ouch! That really hurt!
You die...

+...♣...>.#.........#
#
##........#.........#
#
##..######..........
#
##.#################
# #'##.......... #
#.##.######### #
#....# #
######.######
#...[..@w...#
#########..!#
.....8....#
8.........#
#######...# ##.....#
#.....# #.....#
......'.


You could see a worm.

Vanquished Creatures
  2 adders (D:2)
  A worm (D:2)
  A dart slug (D:2)
  3 bats (D:1)
  3 goblins (D:1)
  7 hobgoblins
  5 jackals
  2 kobolds
  A quokka (D:2)
  2 frilled lizards (D:1)
  4 rats
31 creatures vanquished.

Notes
Turn   | Place    | Note
-------+----------+-------------------------------------------
     0 | D:1      | buriedalive the Deep Elf Ice Elementalist began the quest
                  | for the Orb.
     0 | D:1      | Reached XP level 1. HP: 10/10 MP: 6/6
   347 | D:1      | Reached XP level 2. HP: 11/15 MP: 4/8
  1043 | D:2      | Reached skill level 5 in Ice Magic
  1043 | D:2      | Reached XP level 3. HP: 16/19 MP: 4/9
  1049 | D:2      | Learned a level 3 spell: Frozen Ramparts
  1053 | D:2      | Learned a level 3 spell: Ozocubu's Armour
  1628 | D:2      | Slain by a worm

Illustrated notes

Levels and vault maps discovered:
D:1:      scummos_arrival_star, layout_loops_ring, serial_park_tiny_2
D:2:      layout_basic, minivault_4, chequers_decorated_corner,
          grunt_ministairs_14

Skill      XL: |  1  2 |
---------------+-------+-----
Dodging        | 3 |  3.9
Ice Magic      | 5 |  5.2
Stealth        | |  2.4
Spellcasting   | |  3.0

Action                   || total
-------------------------++-------
Melee: Unarmed           ||     9
       Dagger            ||     9
 Cast: Freeze            ||    51
 Stab: Sleeping          ||     2
Armor: Robe              ||     4
Dodge: Dodged            ||    43
